Connexion

PHILADELPHIA Flyers vs FLORIDA Panthers

Created - 30 décembre 2023 at 06:04

Goals
1 2 3 OT1 SO T
PHILADELPHIA Flyers 0 1 0 0 0 1
FLORIDA Panthers 0 1 0 0 1 2
Shots
1 2 3 OT1 SO T
PHILADELPHIA Flyers 14 12 14 2 3 42
FLORIDA Panthers 5 10 7 2 3 24

GoalsPenalties
1st period
No Goal
Ian Cole (FLO) for Roughing (Minor) at 4:43
2nd period
1. FLORIDA Panthers , Mark Scheifele 19 (Ian Cole 25, Mario Ferraro 19) at 3:17
2. PHILADELPHIA Flyers , Adam Fox 5 (Sean Monahan 28, Austin Czarnik 33) at 5:37 (PP)
Justin Scott (FLO) for Tripping (Minor) at 3:43
Sean Monahan (PHI) for Interference (Minor) at 16:04
3rd period
No Goal
Noah Hanifin (FLO) for Delaying the game (Minor) at 10:40
Mark Scheifele (FLO) for Hooking (Minor) at 16:20
Jacob Trouba (FLO) for Roughing (Minor) at 19:34
Overtime #1
No Goal
Shootout
PHILADELPHIA Flyers, Sean Monahan - Stopped by Petr Mrazek
FLORIDA Panthers, Nikolay Goldobin - Stopped by Stuart Skinner
PHILADELPHIA Flyers, Austin Czarnik - Stopped by Petr Mrazek
FLORIDA Panthers, Mark Scheifele - Stopped by Stuart Skinner
PHILADELPHIA Flyers, Jonathan Drouin - Stopped by Petr Mrazek
FLORIDA Panthers, Mikael Backlund - Goal!
Goalie Stats
Stuart Skinner (PHI), 23 saves from 24 shots - (0,958), OTL, 23-16-2, 65:00 minutes
Petr Mrazek (FLO), 41 saves from 42 shots - (0,976), W, 27-19-2, 65:00 minutes
3 StarsOfficial
1 - Petr Mrazek (FLO)
2 - Stuart Skinner (PHI)
3 - Mark Scheifele (FLO)
Referees : Chris Lee and Ian Walsh
Linesman : Jay Sharrers and Mark Shewchyk
Game Note
No Game Note
Finance
Level 1 -- Attendance: 5365 (89,42%) -- Ticket Income $697,450
Level 2 -- Attendance: 5169 (82,70%) -- Ticket Income $335,985
Level 3 -- Attendance: 2000 (100,00%) -- Ticket Income $100,000
Level 4 -- Attendance: 4000 (100,00%) -- Ticket Income $120,000
Luxury Box -- Attendance: 1000 (100,00%) -- Ticket Income $240,000
Game was played at the BankAtlantic Center.
Total Attendance: 17534 (91,09%)
Total Ticket Income: $1,493,435
Other Income: $298,687
Total Income: $1,792,122



Team Name Goals Shots Shots Attemp Shots Blocked PIM HIT PP PK FO%
PHILADELPHIA Flyers 1427662141 / 5 (20%)057%
FLORIDA Panthers 22450810240 / 1 (0%)143%

PHILADELPHIA Flyers
Player Name POS G A P +/- PIM HIT SHT SB MP PP MP PP SHT PK MP PK SHT FO% FOT
Adam FoxD1010023026:153:5321:3200% 0
Alex PietrangeloD0000006224:384:2330:2700% 0
Austin CzarnikC/RW0110014019:534:3120:570100% 1
Brandon MontourD000-1001112:360:0000:0000% 0
Carl GrundstromRW000001006:440:0000:0000% 0
Jonathan DrouinLW/RW0000042018:524:3120:00050% 2
Jordan StaalC0000010020:143:4500:00062% 29
Julien GauthierRW000000000:570:0400:000100% 1
Kasperi KapanenLW/RW000-1002116:210:0001:0200% 0
Kris LetangD0000003022:434:2330:2700% 0
Matt RoyD000-1011012:360:0000:0000% 0
Pavel BuchnevichLW/RW0000004020:593:4500:000100% 1
Sam ReinhartC/RW000-1010017:180:0001:53041% 22
Sean MonahanC0110226025:394:2720:00054% 28
Seth JarvisC/LW/RW000-1001012:560:0000:0000% 1
Tj BrodieD0000004127:463:5331:3200% 0
Tomas TatarLW/RW0000015121:173:4510:000100% 1
Zach PariseC/LW000000006:500:0000:06088% 8
FLORIDA Panthers
Player Name POS G A P +/- PIM HIT SHT SB MP PP MP PP SHT PK MP PK SHT FO% FOT
Barclay GoodrowLW/RW000001007:400:0000:0000% 0
Carter VerhaegheC/RW0001011016:130:0001:52050% 2
Cody EakinC/LW0001016017:150:0000:16071% 7
Connor TimminsD0000000217:490:0000:0000% 0
Ian ColeD0111240319:060:5803:3300% 0
Jacob TroubaD0000260016:470:0001:1300% 0
Jared Spurgeon D0000021126:101:0105:3500% 0
Justin ScottC/LW/RW0000210112:420:5801:5200% 2
Kiril KaprizovLW0000014024:241:0105:3200% 1
Mario FerraroD0111001021:490:5815:0300% 0
Mark ScheifeleC1011222021:221:0105:24044% 34
Michael BuntingLW0000002010:280:0000:0000% 0
Mikael BacklundC/LW0000011021:370:5802:48050% 26
Morgan GeekieC000001107:400:0000:00017% 6
Nikolay GoldobinLW/RW0000001019:401:0100:00050% 2
Noah HanifinD0000212124:501:0104:1600% 0
Rickard RakellC/LW/RW0000022013:270:5800:22025% 12
Taro HiroseLW000000007:400:0000:00050% 2



Play-by-Play

1st period


0:01 of 1st period - Mikael Backlund wins face-off versus Sean Monahan in neutral zone.
0:09 of 1st period - Jared Spurgeon is hit by Austin Czarnik and loses puck.
0:17 of 1st period - Austin Czarnik is hit by Jared Spurgeon and loses puck.
0:20 of 1st period - Shot by Austin Czarnik.
0:20 of 1st period - Stopped by Petr Mrazek without a rebound.
0:21 of 1st period - Tomas Tatar wins face-off versus Mark Scheifele in FLORIDA Panthers zone.
0:29 of 1st period - Jordan Staal is hit by Ian Cole.
0:39 of 1st period - Shot by Tomas Tatar.
0:39 of 1st period - Stopped by Petr Mrazek without a rebound.
0:40 of 1st period - Sam Reinhart wins face-off versus Rickard Rakell in FLORIDA Panthers zone.
0:40 of 1st period - Brandon Montour is hit by Jacob Trouba.
1:06 of 1st period - Shot by Kasperi Kapanen.
1:06 of 1st period - Shot Misses the Net.
1:58 of 1st period - Shot by Kiril Kaprizov.
1:58 of 1st period - Stopped by Stuart Skinner without a rebound.
1:59 of 1st period - Jordan Staal wins face-off versus Mark Scheifele in PHILADELPHIA Flyers zone.
1:59 of 1st period - Jordan Staal is hit by Cody Eakin.
2:09 of 1st period - Shot by Pavel Buchnevich.
2:09 of 1st period - Stopped by Petr Mrazek with a rebound.
2:15 of 1st period - Shot by Jordan Staal.
2:15 of 1st period - Shot Blocked by Ian Cole.
2:17 of 1st period - Shot by Pavel Buchnevich.
2:17 of 1st period - Stopped by Petr Mrazek without a rebound.
2:18 of 1st period - Zach Parise wins face-off versus Morgan Geekie in FLORIDA Panthers zone.
2:21 of 1st period - Shot by Sean Monahan.
2:21 of 1st period - Stopped by Petr Mrazek without a rebound.
2:22 of 1st period - Sean Monahan wins face-off versus Morgan Geekie in FLORIDA Panthers zone.
2:28 of 1st period - Off-side.
2:29 of 1st period - Zach Parise wins face-off versus Mikael Backlund in neutral zone.
2:35 of 1st period - Adam Fox is hit by Jared Spurgeon and loses puck.
2:44 of 1st period - Shot by Kiril Kaprizov.
2:44 of 1st period - Shot Misses the Net.
2:46 of 1st period - Shot by Jared Spurgeon .
2:46 of 1st period - Shot Blocked by Tj Brodie.
3:32 of 1st period - Icing by Tj Brodie.
3:33 of 1st period - Morgan Geekie wins face-off versus Zach Parise in PHILADELPHIA Flyers zone.
4:11 of 1st period - Shot by Morgan Geekie.
4:11 of 1st period - Shot Misses the Net.
4:18 of 1st period - Off-side.
4:19 of 1st period - Jordan Staal wins face-off versus Mark Scheifele in neutral zone.
4:19 of 1st period - Jordan Staal is hit by Mark Scheifele.
4:42 of 1st period - Pavel Buchnevich is hit by Ian Cole and loses puck.
4:43 of 1st period - Minor Penalty to Ian Cole for Roughing.
4:44 of 1st period - Mark Scheifele wins face-off versus Jordan Staal in FLORIDA Panthers zone.
5:03 of 1st period - Shot by Kris Letang.
5:03 of 1st period - Stopped by Petr Mrazek without a rebound.
5:04 of 1st period - Julien Gauthier wins face-off versus Mark Scheifele in FLORIDA Panthers zone.
5:05 of 1st period - Shot by Alex Pietrangelo.
5:05 of 1st period - Stopped by Petr Mrazek with a rebound.
5:07 of 1st period - Shot by Jonathan Drouin.
5:07 of 1st period - Stopped by Petr Mrazek without a rebound.
5:08 of 1st period - Sean Monahan wins face-off versus Mark Scheifele in FLORIDA Panthers zone.
5:25 of 1st period - Shot by Sean Monahan.
5:25 of 1st period - Shot Misses the Net.
5:29 of 1st period - Shot by Jonathan Drouin.
5:29 of 1st period - Stopped by Petr Mrazek without a rebound.
5:30 of 1st period - Jordan Staal wins face-off versus Mikael Backlund in FLORIDA Panthers zone.
5:31 of 1st period - Shot by Tj Brodie.
5:31 of 1st period - Stopped by Petr Mrazek without a rebound.
5:32 of 1st period - Mark Scheifele wins face-off versus Jordan Staal in FLORIDA Panthers zone.
6:10 of 1st period - Shot by Adam Fox.
6:10 of 1st period - Shot Hit the Post.
6:48 of 1st period - Shot by Kasperi Kapanen.
6:48 of 1st period - Stopped by Petr Mrazek without a rebound.
6:49 of 1st period - Sam Reinhart wins face-off versus Morgan Geekie in FLORIDA Panthers zone.
6:52 of 1st period - Shot by Seth Jarvis.
6:52 of 1st period - Stopped by Petr Mrazek without a rebound.
6:53 of 1st period - Rickard Rakell wins face-off versus Sam Reinhart in FLORIDA Panthers zone.
6:53 of 1st period - Rickard Rakell is hit by Sam Reinhart.
7:27 of 1st period - Shot by Justin Scott.
7:27 of 1st period - Deflect By Rickard Rakell.
7:27 of 1st period - Shot Blocked by Kasperi Kapanen.
7:29 of 1st period - Shot by Noah Hanifin.
7:29 of 1st period - Shot Misses the Net.
8:22 of 1st period - Shot by Kiril Kaprizov.
8:22 of 1st period - Stopped by Stuart Skinner with a rebound.
8:24 of 1st period - Shot by Nikolay Goldobin.
8:24 of 1st period - Shot Blocked by Alex Pietrangelo.
8:36 of 1st period - Sam Reinhart is hit by Carter Verhaeghe and loses puck.
9:53 of 1st period - Shot by Morgan Geekie.
9:53 of 1st period - Stopped by Stuart Skinner without a rebound.
9:54 of 1st period - Rickard Rakell wins face-off versus Jordan Staal in PHILADELPHIA Flyers zone.
9:54 of 1st period - Rickard Rakell is hit by Matt Roy.
10:53 of 1st period - Shot by Mikael Backlund.
10:53 of 1st period - Stopped by Stuart Skinner with a rebound.
10:55 of 1st period - Shot by Nikolay Goldobin.
10:55 of 1st period - Shot Misses the Net.
13:45 of 1st period - Shot by Sean Monahan.
13:45 of 1st period - Stopped by Petr Mrazek without a rebound.
13:46 of 1st period - Jordan Staal wins face-off versus Mikael Backlund in FLORIDA Panthers zone.
13:51 of 1st period - Shot by Pavel Buchnevich.
13:51 of 1st period - Shot Misses the Net.
13:56 of 1st period - Icing by Nikolay Goldobin.
13:57 of 1st period - Jordan Staal wins face-off versus Mikael Backlund in FLORIDA Panthers zone.
15:38 of 1st period - Kris Letang is hit by Kiril Kaprizov and loses puck.
16:02 of 1st period - Icing by Tj Brodie.
16:03 of 1st period - Mark Scheifele wins face-off versus Sam Reinhart in PHILADELPHIA Flyers zone.
16:16 of 1st period - Shot by Cody Eakin.
16:16 of 1st period - Stopped by Stuart Skinner without a rebound.
16:17 of 1st period - Jordan Staal wins face-off versus Rickard Rakell in PHILADELPHIA Flyers zone.
16:23 of 1st period - Off-side.
16:24 of 1st period - Cody Eakin wins face-off versus Jordan Staal in neutral zone.
18:14 of 1st period - Icing by Ian Cole.
18:15 of 1st period - Rickard Rakell wins face-off versus Sam Reinhart in FLORIDA Panthers zone.
18:41 of 1st period - Off-side.
18:42 of 1st period - Austin Czarnik wins face-off versus Mikael Backlund in neutral zone.
18:45 of 1st period - Shot by Alex Pietrangelo.
18:45 of 1st period - Stopped by Petr Mrazek without a rebound.
18:46 of 1st period - Sean Monahan wins face-off versus Mikael Backlund in FLORIDA Panthers zone.
18:46 of 1st period - Sean Monahan is hit by Noah Hanifin.
19:06 of 1st period - Sean Monahan is hit by Mikael Backlund and loses puck.
Goals for this period are 0 for PHILADELPHIA Flyers vs 0 for FLORIDA Panthers.
Shots for this period are 14 for PHILADELPHIA Flyers vs 5 for FLORIDA Panthers.

2nd period


0:01 of 2nd period - Mikael Backlund wins face-off versus Sean Monahan in neutral zone.
0:24 of 2nd period - Shot by Nikolay Goldobin.
0:24 of 2nd period - Deflect By Kiril Kaprizov.
0:24 of 2nd period - Stopped by Stuart Skinner without a rebound.
0:25 of 2nd period - Jordan Staal wins face-off versus Mark Scheifele in PHILADELPHIA Flyers zone.
0:31 of 2nd period - Icing by Matt Roy.
0:32 of 2nd period - Jordan Staal wins face-off versus Mark Scheifele in PHILADELPHIA Flyers zone.
0:40 of 2nd period - Icing by Cody Eakin.
0:41 of 2nd period - Sean Monahan wins face-off versus Mark Scheifele in FLORIDA Panthers zone.
0:51 of 2nd period - Icing by Mark Scheifele.
0:52 of 2nd period - Jordan Staal wins face-off versus Mark Scheifele in FLORIDA Panthers zone.
1:04 of 2nd period - Pavel Buchnevich is hit by Ian Cole and loses puck.
1:09 of 2nd period - Shot by Pavel Buchnevich.
1:09 of 2nd period - Stopped by Petr Mrazek without a rebound.
1:10 of 2nd period - Mikael Backlund wins face-off versus Sean Monahan in FLORIDA Panthers zone.
1:25 of 2nd period - Shot by Jared Spurgeon .
1:25 of 2nd period - Stopped by Stuart Skinner without a rebound.
1:26 of 2nd period - Mark Scheifele wins face-off versus Jordan Staal in PHILADELPHIA Flyers zone.
1:27 of 2nd period - Shot by Carter Verhaeghe.
1:27 of 2nd period - Stopped by Stuart Skinner without a rebound.
1:28 of 2nd period - Mikael Backlund wins face-off versus Sean Monahan in PHILADELPHIA Flyers zone.
1:29 of 2nd period - Shot by Noah Hanifin.
1:29 of 2nd period - Stopped by Stuart Skinner without a rebound.
1:30 of 2nd period - Sean Monahan wins face-off versus Mikael Backlund in PHILADELPHIA Flyers zone.
1:54 of 2nd period - Jared Spurgeon is hit by Jonathan Drouin.
2:02 of 2nd period - Jared Spurgeon is hit by Jonathan Drouin and loses puck.
2:38 of 2nd period - Off-side.
2:39 of 2nd period - Mark Scheifele wins face-off versus Sam Reinhart in neutral zone.
2:51 of 2nd period - Shot by Cody Eakin.
2:51 of 2nd period - Shot Blocked by Brandon Montour.
3:17 of 2nd period - Shot by Mark Scheifele.
3:17 of 2nd period - Goal by Mark Scheifele - PHILADELPHIA Flyers : 0 - FLORIDA Panthers : 1.
3:18 of 2nd period - Jordan Staal wins face-off versus Rickard Rakell in neutral zone.
3:18 of 2nd period - Jordan Staal is hit by Rickard Rakell.
3:27 of 2nd period - Tomas Tatar is hit by Jacob Trouba and loses puck.
3:36 of 2nd period - Shot by Tj Brodie.
3:36 of 2nd period - Shot Blocked by Connor Timmins.
3:43 of 2nd period - Minor Penalty to Justin Scott for Tripping.
3:44 of 2nd period - Sean Monahan wins face-off versus Mark Scheifele in FLORIDA Panthers zone.
4:23 of 2nd period - Shot by Sean Monahan.
4:23 of 2nd period - Stopped by Petr Mrazek without a rebound.
4:24 of 2nd period - Jordan Staal wins face-off versus Mikael Backlund in FLORIDA Panthers zone.
4:43 of 2nd period - Shot by Tomas Tatar.
4:43 of 2nd period - Stopped by Petr Mrazek without a rebound.
4:44 of 2nd period - Mark Scheifele wins face-off versus Sean Monahan in FLORIDA Panthers zone.
4:55 of 2nd period - Shot by Adam Fox.
4:55 of 2nd period - Deflect By Austin Czarnik.
4:55 of 2nd period - Stopped by Petr Mrazek without a rebound.
4:56 of 2nd period - Jordan Staal wins face-off versus Mark Scheifele in FLORIDA Panthers zone.
5:17 of 2nd period - Shot by Jordan Staal.
5:17 of 2nd period - Shot Misses the Net.
5:19 of 2nd period - Shot by Kris Letang.
5:19 of 2nd period - Stopped by Petr Mrazek without a rebound.
5:20 of 2nd period - Sean Monahan wins face-off versus Mark Scheifele in FLORIDA Panthers zone.
5:33 of 2nd period - Shot by Adam Fox.
5:33 of 2nd period - Deflect By Austin Czarnik.
5:33 of 2nd period - Stopped by Petr Mrazek with a rebound.
5:35 of 2nd period - Shot by Austin Czarnik.
5:35 of 2nd period - Deflect By Sean Monahan.
5:35 of 2nd period - Shot Misses the Net.
5:37 of 2nd period - Shot by Adam Fox.
5:37 of 2nd period - Goal by Adam Fox - PHILADELPHIA Flyers : 1 - FLORIDA Panthers : 1.
5:38 of 2nd period - Jordan Staal wins face-off versus Justin Scott in neutral zone.
6:45 of 2nd period - Shot by Sean Monahan.
6:45 of 2nd period - Shot Misses the Net.
6:50 of 2nd period - Nikolay Goldobin is hit by Sean Monahan and loses puck.
7:14 of 2nd period - Icing by Adam Fox.
7:15 of 2nd period - Sean Monahan wins face-off versus Mark Scheifele in PHILADELPHIA Flyers zone.
7:35 of 2nd period - Shot by Cody Eakin.
7:35 of 2nd period - Stopped by Stuart Skinner without a rebound.
7:36 of 2nd period - Sam Reinhart wins face-off versus Morgan Geekie in PHILADELPHIA Flyers zone.
7:56 of 2nd period - Icing by Barclay Goodrow.
7:57 of 2nd period - Jordan Staal wins face-off versus Morgan Geekie in FLORIDA Panthers zone.
8:17 of 2nd period - Shot by Noah Hanifin.
8:17 of 2nd period - Stopped by Stuart Skinner without a rebound.
8:18 of 2nd period - Sam Reinhart wins face-off versus Mikael Backlund in PHILADELPHIA Flyers zone.
8:36 of 2nd period - Shot by Seth Jarvis.
8:36 of 2nd period - Shot Hit the Post.
8:38 of 2nd period - Shot by Kasperi Kapanen.
8:38 of 2nd period - Shot Blocked by Ian Cole.
8:40 of 2nd period - Shot by Tj Brodie.
8:40 of 2nd period - Stopped by Petr Mrazek with a rebound.
8:54 of 2nd period - Shot by Seth Jarvis.
8:54 of 2nd period - Shot Misses the Net.
9:02 of 2nd period - Shot by Seth Jarvis.
9:02 of 2nd period - Shot Misses the Net.
9:42 of 2nd period - Shot by Alex Pietrangelo.
9:42 of 2nd period - Stopped by Petr Mrazek without a rebound.
9:43 of 2nd period - Mark Scheifele wins face-off versus Jordan Staal in FLORIDA Panthers zone.
10:01 of 2nd period - Icing by Noah Hanifin.
10:02 of 2nd period - Zach Parise wins face-off versus Mark Scheifele in FLORIDA Panthers zone.
10:05 of 2nd period - Shot by Carl Grundstrom.
10:05 of 2nd period - Shot Misses the Net.
10:33 of 2nd period - Shot by Cody Eakin.
10:33 of 2nd period - Stopped by Stuart Skinner with a rebound.
11:03 of 2nd period - Rickard Rakell is hit by Adam Fox and loses puck.
11:26 of 2nd period - Matt Roy is hit by Rickard Rakell and loses puck.
11:52 of 2nd period - Shot by Tomas Tatar.
11:52 of 2nd period - Stopped by Petr Mrazek with a rebound.
12:04 of 2nd period - Shot by Barclay Goodrow.
12:04 of 2nd period - Shot Misses the Net.
12:06 of 2nd period - Shot by Taro Hirose.
12:06 of 2nd period - Shot Misses the Net.
12:11 of 2nd period - Icing by Brandon Montour.
12:12 of 2nd period - Mikael Backlund wins face-off versus Jordan Staal in PHILADELPHIA Flyers zone.
12:15 of 2nd period - Shot by Nikolay Goldobin.
12:15 of 2nd period - Shot Misses the Net.
12:17 of 2nd period - Shot by Mikael Backlund.
12:17 of 2nd period - Shot Hit the Post.
12:39 of 2nd period - Off-side.
12:40 of 2nd period - Mark Scheifele wins face-off versus Sam Reinhart in neutral zone.
12:49 of 2nd period - Shot by Mark Scheifele.
12:49 of 2nd period - Shot Misses the Net.
13:04 of 2nd period - Icing by Connor Timmins.
13:05 of 2nd period - Mark Scheifele wins face-off versus Sean Monahan in FLORIDA Panthers zone.
13:05 of 2nd period - Mark Scheifele is hit by Jonathan Drouin.
13:22 of 2nd period - Cody Eakin is hit by Adam Fox and loses puck.
13:35 of 2nd period - Shot by Carter Verhaeghe.
13:35 of 2nd period - Deflect By Mark Scheifele.
13:35 of 2nd period - Stopped by Stuart Skinner without a rebound.
13:36 of 2nd period - Mikael Backlund wins face-off versus Sam Reinhart in PHILADELPHIA Flyers zone.
14:49 of 2nd period - Icing by Tj Brodie.
14:50 of 2nd period - Mark Scheifele wins face-off versus Sean Monahan in PHILADELPHIA Flyers zone.
15:26 of 2nd period - Icing by Jacob Trouba.
15:27 of 2nd period - Mark Scheifele wins face-off versus Jordan Staal in FLORIDA Panthers zone.
15:36 of 2nd period - Shot by Tomas Tatar.
15:36 of 2nd period - Shot Misses the Net.
15:38 of 2nd period - Shot by Alex Pietrangelo.
15:38 of 2nd period - Stopped by Petr Mrazek without a rebound.
15:39 of 2nd period - Sam Reinhart wins face-off versus Rickard Rakell in FLORIDA Panthers zone.
15:51 of 2nd period - Icing by Ian Cole.
15:52 of 2nd period - Jordan Staal wins face-off versus Rickard Rakell in FLORIDA Panthers zone.
15:57 of 2nd period - Shot by Tomas Tatar.
15:57 of 2nd period - Stopped by Petr Mrazek without a rebound.
15:58 of 2nd period - Mikael Backlund wins face-off versus Sean Monahan in FLORIDA Panthers zone.
15:58 of 2nd period - Mikael Backlund is hit by Sean Monahan.
16:03 of 2nd period - Off-side.
16:04 of 2nd period - Mikael Backlund wins face-off versus Sean Monahan in neutral zone.
16:04 of 2nd period - Minor Penalty to Sean Monahan for Interference.
16:05 of 2nd period - Mark Scheifele wins face-off versus Sam Reinhart in PHILADELPHIA Flyers zone.
16:20 of 2nd period - Shot by Jared Spurgeon .
16:20 of 2nd period - Shot Misses the Net.
17:07 of 2nd period - Shot by Mario Ferraro.
17:07 of 2nd period - Stopped by Stuart Skinner without a rebound.
17:08 of 2nd period - Mikael Backlund wins face-off versus Sam Reinhart in PHILADELPHIA Flyers zone.
17:15 of 2nd period - Shot by Ian Cole.
17:15 of 2nd period - Shot Misses the Net.
17:17 of 2nd period - Shot by Mario Ferraro.
17:17 of 2nd period - Shot Misses the Net.
17:19 of 2nd period - Shot by Justin Scott.
17:19 of 2nd period - Shot Misses the Net.
18:13 of 2nd period - Shot by Barclay Goodrow.
18:13 of 2nd period - Shot Misses the Net.
19:05 of 2nd period - Austin Czarnik is hit by Mark Scheifele and loses puck.
19:13 of 2nd period - Off-side.
19:14 of 2nd period - Zach Parise wins face-off versus Mikael Backlund in neutral zone.
Goals for this period are 1 for PHILADELPHIA Flyers vs 1 for FLORIDA Panthers.
Shots for this period are 12 for PHILADELPHIA Flyers vs 10 for FLORIDA Panthers.

3rd period


0:01 of 3rd period - Sean Monahan wins face-off versus Mikael Backlund in neutral zone.
0:11 of 3rd period - Icing by Noah Hanifin.
0:12 of 3rd period - Mikael Backlund wins face-off versus Jordan Staal in FLORIDA Panthers zone.
0:42 of 3rd period - Icing by Nikolay Goldobin.
0:43 of 3rd period - Mikael Backlund wins face-off versus Sean Monahan in FLORIDA Panthers zone.
1:59 of 3rd period - Shot by Carter Verhaeghe.
1:59 of 3rd period - Shot Misses the Net.
2:13 of 3rd period - Shot by Tomas Tatar.
2:13 of 3rd period - Shot Misses the Net.
3:56 of 3rd period - Shot by Sean Monahan.
3:56 of 3rd period - Deflect By Austin Czarnik.
3:56 of 3rd period - Shot Misses the Net.
3:58 of 3rd period - Shot by Sean Monahan.
3:58 of 3rd period - Stopped by Petr Mrazek without a rebound.
3:59 of 3rd period - Zach Parise wins face-off versus Mikael Backlund in FLORIDA Panthers zone.
4:06 of 3rd period - Shot by Carl Grundstrom.
4:06 of 3rd period - Shot Misses the Net.
4:08 of 3rd period - Shot by Adam Fox.
4:08 of 3rd period - Stopped by Petr Mrazek without a rebound.
4:09 of 3rd period - Mark Scheifele wins face-off versus Jonathan Drouin in FLORIDA Panthers zone.
4:09 of 3rd period - Mark Scheifele is hit by Jonathan Drouin.
4:46 of 3rd period - Shot by Sean Monahan.
4:46 of 3rd period - Shot Misses the Net.
5:15 of 3rd period - Icing by Ian Cole.
5:16 of 3rd period - Mikael Backlund wins face-off versus Sam Reinhart in FLORIDA Panthers zone.
5:51 of 3rd period - Shot by Sam Reinhart.
5:51 of 3rd period - Shot Misses the Net.
5:53 of 3rd period - Shot by Matt Roy.
5:53 of 3rd period - Stopped by Petr Mrazek without a rebound.
5:54 of 3rd period - Taro Hirose wins face-off versus Jordan Staal in FLORIDA Panthers zone.
5:54 of 3rd period - Taro Hirose is hit by Tomas Tatar.
6:39 of 3rd period - Jordan Staal is hit by Morgan Geekie and loses puck.
7:11 of 3rd period - Shot by Carter Verhaeghe.
7:11 of 3rd period - Shot Misses the Net.
7:29 of 3rd period - Shot by Cody Eakin.
7:29 of 3rd period - Stopped by Stuart Skinner without a rebound.
7:30 of 3rd period - Mikael Backlund wins face-off versus Sean Monahan in PHILADELPHIA Flyers zone.
8:00 of 3rd period - Shot by Sean Monahan.
8:00 of 3rd period - Stopped by Petr Mrazek with a rebound.
8:02 of 3rd period - Shot by Austin Czarnik.
8:02 of 3rd period - Shot Misses the Net.
8:04 of 3rd period - Shot by Sean Monahan.
8:04 of 3rd period - Shot Misses the Net.
8:08 of 3rd period - Shot by Jonathan Drouin.
8:08 of 3rd period - Shot Misses the Net.
8:10 of 3rd period - Shot by Austin Czarnik.
8:10 of 3rd period - Stopped by Petr Mrazek without a rebound.
8:11 of 3rd period - Sam Reinhart wins face-off versus Rickard Rakell in FLORIDA Panthers zone.
8:34 of 3rd period - Shot by Michael Bunting.
8:34 of 3rd period - Stopped by Stuart Skinner without a rebound.
8:35 of 3rd period - Zach Parise wins face-off versus Mark Scheifele in PHILADELPHIA Flyers zone.
8:40 of 3rd period - Cody Eakin is hit by Carl Grundstrom and loses puck.
8:53 of 3rd period - Shot by Sean Monahan.
8:53 of 3rd period - Shot Misses the Net.
9:07 of 3rd period - Shot by Carter Verhaeghe.
9:07 of 3rd period - Shot Misses the Net.
9:09 of 3rd period - Shot by Mark Scheifele.
9:09 of 3rd period - Shot Misses the Net.
9:12 of 3rd period - Icing by Kris Letang.
9:13 of 3rd period - Zach Parise wins face-off versus Nikolay Goldobin in PHILADELPHIA Flyers zone.
9:44 of 3rd period - Shot by Nikolay Goldobin.
9:44 of 3rd period - Stopped by Stuart Skinner without a rebound.
9:45 of 3rd period - Jordan Staal wins face-off versus Rickard Rakell in PHILADELPHIA Flyers zone.
9:47 of 3rd period - Pavel Buchnevich is hit by Justin Scott and loses puck.
10:04 of 3rd period - Shot by Rickard Rakell.
10:04 of 3rd period - Stopped by Stuart Skinner with a rebound.
10:06 of 3rd period - Shot by Justin Scott.
10:06 of 3rd period - Deflect By Rickard Rakell.
10:06 of 3rd period - Shot Blocked by Tomas Tatar.
10:08 of 3rd period - Shot by Rickard Rakell.
10:08 of 3rd period - Stopped by Stuart Skinner without a rebound.
10:09 of 3rd period - Cody Eakin wins face-off versus Seth Jarvis in PHILADELPHIA Flyers zone.
10:40 of 3rd period - Minor Penalty to Noah Hanifin for Delaying the game.
10:41 of 3rd period - Sean Monahan wins face-off versus Mark Scheifele in FLORIDA Panthers zone.
10:51 of 3rd period - Jonathan Drouin is hit by Ian Cole and loses puck.
11:00 of 3rd period - Shot by Kris Letang.
11:00 of 3rd period - Shot Misses the Net.
11:02 of 3rd period - Shot by Alex Pietrangelo.
11:02 of 3rd period - Stopped by Petr Mrazek with a rebound.
11:04 of 3rd period - Shot by Alex Pietrangelo.
11:04 of 3rd period - Shot Blocked by Ian Cole.
11:12 of 3rd period - Shot by Sean Monahan.
11:12 of 3rd period - Stopped by Petr Mrazek without a rebound.
11:13 of 3rd period - Pavel Buchnevich wins face-off versus Mark Scheifele in FLORIDA Panthers zone.
11:27 of 3rd period - Jared Spurgeon is hit by Jordan Staal and loses puck.
12:53 of 3rd period - Shot by Sam Reinhart.
12:53 of 3rd period - Deflect By Seth Jarvis.
12:53 of 3rd period - Shot Blocked by Connor Timmins.
13:16 of 3rd period - Kasperi Kapanen is hit by Barclay Goodrow and loses puck.
14:48 of 3rd period - Shot by Pavel Buchnevich.
14:48 of 3rd period - Shot Misses the Net.
15:01 of 3rd period - Shot by Pavel Buchnevich.
15:01 of 3rd period - Stopped by Petr Mrazek without a rebound.
15:02 of 3rd period - Jonathan Drouin wins face-off versus Rickard Rakell in FLORIDA Panthers zone.
15:06 of 3rd period - Austin Czarnik is hit by Jacob Trouba and loses puck.
15:12 of 3rd period - Icing by Michael Bunting.
15:13 of 3rd period - Sam Reinhart wins face-off versus Justin Scott in FLORIDA Panthers zone.
15:14 of 3rd period - Shot by Adam Fox.
15:14 of 3rd period - Shot Blocked by Justin Scott.
15:24 of 3rd period - Shot by Rickard Rakell.
15:24 of 3rd period - Shot Misses the Net.
15:26 of 3rd period - Shot by Michael Bunting.
15:26 of 3rd period - Stopped by Stuart Skinner without a rebound.
15:27 of 3rd period - Jordan Staal wins face-off versus Mikael Backlund in PHILADELPHIA Flyers zone.
15:51 of 3rd period - Shot by Kiril Kaprizov.
15:51 of 3rd period - Stopped by Stuart Skinner with a rebound.
16:20 of 3rd period - Minor Penalty to Mark Scheifele for Hooking.
16:21 of 3rd period - Sean Monahan wins face-off versus Kiril Kaprizov in FLORIDA Panthers zone.
16:49 of 3rd period - Off-side.
16:50 of 3rd period - Sean Monahan wins face-off versus Carter Verhaeghe in neutral zone.
16:55 of 3rd period - Shot by Tj Brodie.
16:55 of 3rd period - Stopped by Petr Mrazek without a rebound.
16:56 of 3rd period - Carter Verhaeghe wins face-off versus Jordan Staal in FLORIDA Panthers zone.
17:16 of 3rd period - Shot by Alex Pietrangelo.
17:16 of 3rd period - Shot Misses the Net.
17:18 of 3rd period - Shot by Kris Letang.
17:18 of 3rd period - Shot Misses the Net.
17:20 of 3rd period - Shot by Jordan Staal.
17:20 of 3rd period - Shot Misses the Net.
18:08 of 3rd period - Shot by Tj Brodie.
18:08 of 3rd period - Stopped by Petr Mrazek without a rebound.
18:09 of 3rd period - Sean Monahan wins face-off versus Rickard Rakell in FLORIDA Panthers zone.
18:12 of 3rd period - Shot by Adam Fox.
18:12 of 3rd period - Stopped by Petr Mrazek with a rebound.
18:41 of 3rd period - Kasperi Kapanen is hit by Jacob Trouba and loses puck.
18:50 of 3rd period - Shot by Brandon Montour.
18:50 of 3rd period - Stopped by Petr Mrazek with a rebound.
19:03 of 3rd period - Kasperi Kapanen is hit by Jacob Trouba and loses puck.
19:15 of 3rd period - Icing by Barclay Goodrow.
19:16 of 3rd period - Sean Monahan wins face-off versus Taro Hirose in FLORIDA Panthers zone.
19:33 of 3rd period - Jonathan Drouin is hit by Jacob Trouba.
19:34 of 3rd period - Minor Penalty to Jacob Trouba for Roughing.
19:35 of 3rd period - Jordan Staal wins face-off versus Mark Scheifele in FLORIDA Panthers zone.
19:50 of 3rd period - Shot by Kris Letang.
19:50 of 3rd period - Stopped by Petr Mrazek with a rebound.
19:52 of 3rd period - Shot by Alex Pietrangelo.
19:52 of 3rd period - Stopped by Petr Mrazek without a rebound.
19:53 of 3rd period - Mark Scheifele wins face-off versus Sean Monahan in FLORIDA Panthers zone.
Goals for this period are 0 for PHILADELPHIA Flyers vs 0 for FLORIDA Panthers.
Shots for this period are 14 for PHILADELPHIA Flyers vs 7 for FLORIDA Panthers.

Overtime #1


0:01 of 1st overtime period - Sean Monahan wins face-off versus Mark Scheifele in neutral zone.
1:20 of 1st overtime period - Shot by Jonathan Drouin.
1:20 of 1st overtime period - Shot Blocked by Noah Hanifin.
1:22 of 1st overtime period - Shot by Pavel Buchnevich.
1:22 of 1st overtime period - Shot Blocked by Jared Spurgeon .
1:35 of 1st overtime period - Icing by Jonathan Drouin.
1:36 of 1st overtime period - Sam Reinhart wins face-off versus Cody Eakin in PHILADELPHIA Flyers zone.
2:27 of 1st overtime period - Icing by Tj Brodie.
2:28 of 1st overtime period - Cody Eakin wins face-off versus Sam Reinhart in PHILADELPHIA Flyers zone.
2:41 of 1st overtime period - Shot by Cody Eakin.
2:41 of 1st overtime period - Stopped by Stuart Skinner without a rebound.
2:42 of 1st overtime period - Cody Eakin wins face-off versus Sam Reinhart in PHILADELPHIA Flyers zone.
2:45 of 1st overtime period - Shot by Rickard Rakell.
2:45 of 1st overtime period - Shot Misses the Net.
2:47 of 1st overtime period - Shot by Rickard Rakell.
2:47 of 1st overtime period - Deflect By Cody Eakin.
2:47 of 1st overtime period - Stopped by Stuart Skinner without a rebound.
2:48 of 1st overtime period - Sam Reinhart wins face-off versus Cody Eakin in PHILADELPHIA Flyers zone.
3:05 of 1st overtime period - Shot by Kasperi Kapanen.
3:05 of 1st overtime period - Stopped by Petr Mrazek without a rebound.
3:06 of 1st overtime period - Mark Scheifele wins face-off versus Sean Monahan in FLORIDA Panthers zone.
3:39 of 1st overtime period - Shot by Sean Monahan.
3:39 of 1st overtime period - Deflect By Tomas Tatar.
3:39 of 1st overtime period - Stopped by Petr Mrazek without a rebound.
3:40 of 1st overtime period - Nikolay Goldobin wins face-off versus Sam Reinhart in FLORIDA Panthers zone.
4:35 of 1st overtime period - Icing by Mario Ferraro.
4:36 of 1st overtime period - Cody Eakin wins face-off versus Sam Reinhart in FLORIDA Panthers zone.
4:58 of 1st overtime period - Shot by Cody Eakin.
4:58 of 1st overtime period - Shot Blocked by Alex Pietrangelo.
Goals for this period are 0 for PHILADELPHIA Flyers vs 0 for FLORIDA Panthers.
Shots for this period are 2 for PHILADELPHIA Flyers vs 2 for FLORIDA Panthers.

ShootOut


5:00 of 1st overtime period - Round #1.
5:00 of 1st overtime period - PHILADELPHIA Flyers, Sean Monahan.
5:00 of 1st overtime period - Stopped by Petr Mrazek.
5:00 of 1st overtime period - FLORIDA Panthers, Nikolay Goldobin.
5:00 of 1st overtime period - Stopped by Stuart Skinner.
5:00 of 1st overtime period - Round #2.
5:00 of 1st overtime period - PHILADELPHIA Flyers, Austin Czarnik.
5:00 of 1st overtime period - Stopped by Petr Mrazek.
5:00 of 1st overtime period - FLORIDA Panthers, Mark Scheifele.
5:00 of 1st overtime period - Stopped by Stuart Skinner.
5:00 of 1st overtime period - Round #3.
5:00 of 1st overtime period - PHILADELPHIA Flyers, Jonathan Drouin.
5:00 of 1st overtime period - Stopped by Petr Mrazek.
5:00 of 1st overtime period - FLORIDA Panthers, Mikael Backlund.
5:00 of 1st overtime period - Goal by Mikael Backlund.